 Dungeon Crawl Stone Soup version 0.31.0-12-g77e489cdc1 (webtiles) character file.

Game seed: 14064044434750581266

41 sking99 the Grave Robber (level 3, -2/28 HPs)
             Began as a Hill Orc Necromancer on Feb 20, 2024.
             Slain by an adder (3 damage)
             ... on level 2 of the Dungeon.
             The game lasted 00:03:44 (1195 turns).

sking99 the Grave Robber (Hill Orc Necromancer)     Turns: 1195, Time: 00:03:44

Health: -2/28      AC:  2    Str: 12    XL:     3   Next: 52%
Magic:  6/6        EV: 12    Int: 15    God:
Gold:   0          SH:  0    Dex: 11    Spells: 5/6 levels left

rFire   . . .        g - +0 dagger
rCold   . . .        (no shield)
rNeg    . . .        a - +0 robe
rPois   +            (no helmet)
rElec   .            (no cloak)
rCorr   .            (no gloves)
SInv    .            (no boots)
Will    .....        (no amulet)
Stlth   ++           c - ring of poison resistance
HPRegen 0.24/turn    (no ring)
MPRegen 0.10/turn

%: no passive effects
@: lethally poisoned (-2 -> -9)
A: no striking features
a: no special abilities


You were on level 2 of the Dungeon.
You visited 1 branch of the dungeon, and saw 2 of its levels.

Inventory:

Hand Weapons
 g - a +0 dagger (weapon)
Armour
 a - a +0 robe (worn)
Jewellery
 c - a ring of poison resistance (left hand)
Talismans
 h - a serpent talisman
Potions
 b - a potion of magic
 d - 3 potions of enlightenment {unknown}
 e - a potion of lignification {unknown}
 f - a potion of brilliance {unknown}
 i - 2 potions of attraction {unknown}


   Skills:
 + Level 1.6 Fighting
 - Level 1.5 Dodging
 - Level 1.5 Stealth
 + Level 2.0 Spellcasting
 * Level 4.6 Necromancy


You had 5 spell levels left.
You knew the following spells:

 Your Spells              Type           Power      Damage    Failure   Level
a - Necrotise             Necr           60%        1d7       3%          1

Your spell library contained the following spells:

 Spells                   Type           Power      Damage    Failure   Level
 Vampiric Draining        Necr           15%        2d7       10%         3
 Animate Dead             Necr           15%        N/A       32%         4
 Curse of Agony           Necr           15%        N/A       67%         5


Dungeon Overview and Level Annotations

Branches:
Dungeon (2/15)

Altars:


Message History

You hit the ribbon worm.
You kill the ribbon worm!
You start resting.
Your adder skeleton crumbles into dust!
HP restored.
Magic restored.
Found a stone staircase leading down.
An adder and a hobgoblin come into view.
There are monsters nearby!
The adder hisses angrily.
The hobgoblin shouts!
The adder bites you. The hobgoblin barely misses you.
The adder closely misses you. The hobgoblin barely misses you.
There is a stone staircase leading down here.
Found a spear.
The adder bites you but does no damage. The hobgoblin closely misses you.
The adder bites you. The hobgoblin barely misses you.
The adder barely misses you. The hobgoblin hits you. The adder bites you.
The adder barely misses you. The hobgoblin hits you. The adder bites you.
You are poisoned.
The adder poisons you! The hobgoblin closely misses you.
You feel sick. The adder bites you.
You are more poisoned.
The adder poisons you! The hobgoblin closely misses you.
You feel very sick. The adder bites you.
You are lethally poisoned!
The adder poisons you! The hobgoblin closely misses you.
The adder barely misses you.
* * * LOW HITPOINT WARNING * * *
You feel very sick. The adder barely misses you. The hobgoblin hits you.
* * * LOW HITPOINT WARNING * * *
* * * LOW HITPOINT WARNING * * *
You feel very sick. The adder closely misses you. The hobgoblin hits you.
* * * LOW HITPOINT WARNING * * *
* * * LOW HITPOINT WARNING * * *
You feel sick. The adder bites you.
You die...

#.# .# #.# #.# # ####
#.# #.# ..#...##.#
#.#
.......#.#######.#
.........##...##.#
........g......#.##
.......@S.........#
..................##
...................##
..###..........#....#
) .................#
.#####.#######...## .
.....#####...#
##.#.........#
#######...#


You could see an adder and a hobgoblin.

Vanquished Creatures
  An adder (D:2)
  A dart slug (D:1)
  A ribbon worm (D:2)
  3 endoplasms (D:1)
  A giant cockroach (D:1)
  3 hobgoblins (D:1)
  A kobold (D:1)
  3 quokkas (D:1)
  A ball python (D:1)
  2 bats (D:1)
  4 frilled lizards (D:1)
  2 goblins (D:1)
23 creatures vanquished.

Vanquished Creatures (collateral kills)
  A bat (D:1)
  An endoplasm (D:1)
  A hobgoblin (D:1)
3 creatures vanquished.

Grand Total: 26 creatures vanquished

Notes
Turn   | Place    | Note
-------+----------+-------------------------------------------
     0 | D:1      | sking99 the Hill Orc Necromancer began the quest for the
                  | Orb.
     0 | D:1      | Reached XP level 1. HP: 14/14 MP: 3/3
   202 | D:1      | Reached XP level 2. HP: 15/22 MP: 0/4
   311 | D:1      | Reached skill level 1 in Fighting
   640 | D:1      | Reached XP level 3. HP: 28/28 MP: 2/5
  1195 | D:2      | HP: 1/28 [poisoned by an adder]
  1195 | D:2      | Slain by an adder

Illustrated notes

Levels and vault maps discovered:
D:1:      onia_arrival_mini_spirals, layout_loops_ring
D:2:      layout_rooms, basic_altar, minmay_crystal_water,
          uniq_crazy_yiuf_cottage

Skill      XL: |  1  2  3 |
---------------+----------+-----
Fighting       | 1 |  1.6
Spellcasting   | 2 |  2.0
Dodging        | |  1.5
Stealth        | |  1.5
Necromancy     | |  4.6

Action                     || total
---------------------------++-------
  Melee: Unarmed           ||    10
         Dagger            ||     9
   Cast: Necrotise         ||    48
   Stab: Distracted        ||     2
 Armour: Robe              ||    36
  Dodge: Dodged            ||    38
